 Dungeon Crawl Stone Soup version 0.31-a0-1019-g3dd9dd1025 (webtiles) character file.

Game seed: 18144542576260323677

22 BinkBink the Trooper (level 2, 10/33 HPs)
             Began as an Ogre Berserker on Nov 16, 2023.
             Was a Follower of Trog.
             Quit the game on level 1 of the Dungeon on Nov 17, 2023.
             The game lasted 00:00:58 (648 turns).

BinkBink the Trooper (Ogre Berserker)                Turns: 648, Time: 00:00:59

Health: 10/33      AC:  3    Str: 20    XL:     2   Next: 91%
Magic:  2/2        EV: 10    Int:  8    God:    Trog [*.....]
Gold:   70         SH:  0    Dex:  8    Spells: 1/1 levels left

rFire   . . .        a - +0 hand axe
rCold   . . .        (no shield)
rNeg    . . .        b - +0 animal skin
rPois   .            (helmet restricted)
rElec   .            (no cloak)
rCorr   .            (gloves unavailable)
SInv    .            (boots unavailable)
Will    .....        (no amulet)
Stlth   +            (no ring)
HPRegen 0.25/turn    (no ring)
MPRegen 0.08/turn

%: no passive effects
@: no status effects
A: large, unfitting armour, tough skin 1
a: Renounce Religion, Berserk


You were on level 1 of the Dungeon.
You worshipped Trog.
Trog was aware of your devotion.
You visited 1 branch of the dungeon, and saw 2 of its levels.

You collected 70 gold pieces.

Inventory:

Hand Weapons
 a - a +0 hand axe (weapon)
Armour
 b - a +0 animal skin (worn)
Scrolls
 c - a scroll of immolation {unknown}
 f - a scroll of enchant armour {unknown}
 h - a scroll of vulnerability {unknown}
 i - 2 scrolls of enchant weapon {unknown}
Potions
 d - a potion of magic {unknown}
 e - a potion of enlightenment {unknown}
 g - a potion of ambrosia {unknown}
 j - 2 potions of lignification {unknown}


   Skills:
 + Level 4.5 Fighting
 + Level 3.3 Axes
 + Level 3.0 Dodging


You had one spell level left.
You didn't know any spells.
Your spell library was empty.

Dungeon Overview and Level Annotations

Branches:
Dungeon (2/15)

Altars:


Innate Abilities, Weirdness & Mutations

You are too large for most types of armour.
You have tough skin. (AC +1)


Message History

No reachable target in view!
The gnoll hits something with a +0 spear.
The gnoll splashes around in the water.
The gnoll hits something with a +0 spear.
The gnoll hits something with a +0 spear!
The gnoll hits something with a +0 spear.
You start waiting.
A gnoll is nearby!
A gnoll and a bat come into view.
The gnoll shouts!
The gnoll completely misses you. The bat hits you but does no damage.
You hit the bat but do no damage. The bat hits you.
The gnoll hits something with a +0 flail.
The gnoll hits you from afar with a +0 spear.
You closely miss the bat. The bat hits you but does no damage.
The gnoll hits you from afar with a +0 spear.
You hit the bat.
You kill the bat!
Trog accepts your kill.
The gnoll throws a throwing net.
The throwing net hits you.
You become entangled in the net!
You are held in a net!
You are held in a net!
You are held in a net!
You struggle against the net.
The gnoll hits you from afar with a +0 spear.
You struggle against the net.
The gnoll hits you from afar with a +0 spear!
You struggle against the net.
The gnoll barely misses you.
You rip the net and break free!
The gnoll completely misses you.
There is a stone staircase leading up here.
The gnoll hits you from afar with a +0 spear.
* * * LOW HITPOINT WARNING * * *
You climb upwards.
There is a stone staircase leading down here.
Saving game... please wait.
Welcome back, BinkBink the Ogre Berserker.
Trog says: Kill them all!
Press ? for a list of commands and other information.
Are you sure you want to abandon this character and quit the game? (Confirm with "yes".)

####### ####.....#
#.##.###.# ###.##.# #.#
#......# #.#
#######.########.#
................@#
#######.#.######.# #.#
#.#.#....#.####
##.####.#...#)......#
............#.....#######
.....##.#...............#
#....##.#.............#.#
..).................#.#.#
.....##.#.#.##..........##


There were no monsters in sight!

Vanquished Creatures
  A dart slug (D:1)
  A ball python (D:1)
  5 endoplasms (D:1)
  A giant cockroach (D:1)
  A goblin (D:1)
  2 hobgoblins (D:1)
  4 bats
  2 frilled lizards (D:1)
  2 rats (D:1)
19 creatures vanquished.

Notes
Turn   | Place    | Note
-------+----------+-------------------------------------------
     0 | D:1      | BinkBink the Ogre Berserker began the quest for the Orb.
     0 | D:1      | Reached XP level 1. HP: 24/24 MP: 1/1
   195 | D:1      | Reached XP level 2. HP: 31/32 MP: 2/2
   648 | D:1      | Upgraded the game from 0.31-a0-1009-g454b1f1e0a to
                  | 0.31-a0-1019-g3dd9dd1025
   648 | D:1      | Quit the game

Illustrated notes

Levels and vault maps discovered:
D:1:      sevenhm_arrival_forest_fort_small_4, layout_basic
D:2:      layout_loops_ring, basic_altar, minmay_misc_feat_iff,
          serial_bayou_lagoon_a, st_stairs_5, minmay_pentomino_v4,
          uniq_crazy_yiuf_cottage, uniq_terence

Skill      XL: |  1  2 |
---------------+-------+-----
Dodging        | 3 |  3.0
Fighting       | |  4.5
Axes           | |  3.3

Action                     || total
---------------------------++-------
  Melee: Hand axe          ||    60
         Punch             ||     1
 Armour: Animal skin       ||    47
  Dodge: Dodged            ||    40

Table legend: (Time is in decaauts)
 A = Elapsed time spent in this place.
 B = Non-inter-level travel time spent in this place.
 C = Inter-level travel time spent in this place.
 D = Time resting spent in this place.
 E = Time spent auto-exploring this place.
 F = Levels seen in this place.
 G = Mean time per level.
                   A        B        C        D        E       F      G
               +--------+--------+--------+--------+--------+-----+--------+
         Total |    656 |    646 |     10 |      9 |    476 |   2 |  328.0 |
       Dungeon |    656 |    646 |     10 |      9 |    476 |   2 |  328.0 |
               +--------+--------+--------+--------+--------+-----+--------+

Top non-repeatable levels by time:
     D:1: 623 daAuts
     D:2: 33 daAuts
